 Dungeon Crawl Stone Soup version 0.29.1-13-g9f3cf754e1 (webtiles) character file.

Game seed: 11159427946698894846

1142 Thatpatchoflichen the Cudgeller (level 8, -3/81 HPs)
             Began as an Ogre Gladiator on Feb 7, 2023.
             Slain by Duvessa
             ... wielding a +0 short sword
              (9 damage)
             ... on level 5 of the Dungeon.
             The game lasted 00:16:26 (6737 turns).

Thatpatchoflichen the Cudgeller (Ogre Gladiator)    Turns: 6737, Time: 00:16:26

Health: -3/81      AC: 10    Str: 21    XL:     8   Next: 37%
Magic:  8/8        EV: 11    Int:  9    God:
Gold:   34         SH:  0    Dex: 10    Spells: 7/7 levels left

rFire   . . .      SeeInvis .   i - +0 giant club
rCold   . . .      Faith    .   (shield currently unavailable)
rNeg    + . .      Spirit   .   a - +2 robe {rN+}
rPois   .          Reflect  .   c - +0 hat
rElec   .          Harm     .   p - +0 cloak
rCorr   +          Rampage  .   (gloves unavailable)
Will    .....                   (boots unavailable)
Stlth   +.........              m - amulet of the acrobat
HPRegen 0.23/turn               f - +4 ring of protection
MPRegen 0.11/turn               l - ring of resist corrosion

@: mighty
A: large, unfitting armour, tough skin 1
a: no special abilities


You were on level 5 of the Dungeon.
You visited 1 branch of the dungeon, and saw 5 of its levels.
You also visited: Sewer.

You collected 257 gold pieces.
You spent 223 gold pieces at shops.

Inventory:

Hand Weapons
 i - a +0 giant club (weapon)
Missiles
 d - 5 throwing nets
 e - a large rock (quivered)
 r - 12 poisoned darts
 C - a boomerang
Armour
 a - a +2 robe of positive energy (worn)
 c - a +0 hat (worn)
 p - a +0 cloak (worn)
Jewellery
 f - a +4 ring of protection (left hand)
 l - a ring of resist corrosion (right hand)
 m - an amulet of the acrobat (around neck)
 n - a ring of wizardry
Scrolls
 h - 2 scrolls of summoning
 j - 3 scrolls of enchant weapon {unknown}
 s - a scroll of amnesia {unknown}
 u - 3 scrolls of teleportation
 w - a scroll of vulnerability {unknown}
 y - a scroll of fear {unknown}
 A - a scroll of butterflies
 B - a scroll of blinking {unknown}
 D - a scroll of noise {unknown}
Potions
 g - 2 potions of berserk rage
 o - a potion of cancellation {unknown}
 q - 2 potions of brilliance
 v - 2 potions of magic
 x - a potion of haste {unknown}
 z - a potion of mutation {unknown}


   Skills:
 + Level 5.5 Fighting
 + Level 7.6 Maces & Flails
 - Level 2.0 Throwing
 + Level 4.8 Dodging


You had 7 spell levels left.
You didn't know any spells.
Your spell library contained the following spells:

 Spells                   Type           Power      Damage    Failure   Level
 Beastly Appendage        Tmut           0%         N/A       38%         1
 Petrify                  Tmut/Erth      0%         N/A       99%         4
 Summon Mana Viper        Hex/Summ       0%         N/A       100%        5
 Dragon Form              Tmut           0%         N/A       100%        7


Dungeon Overview and Level Annotations

Branches:
Dungeon (5/15)              Sewer (visited)
 Temple: D:4-7

Altars:
Ashenzari
Sif Muna
Zin

Shops:
D:1 (   D:5 [

Annotations:
D:5 2 transporters, Duvessa


Innate Abilities, Weirdness & Mutations

You are too large for most types of armour.
You have tough skin. (AC +1)


Message History

Duvessa hits you with a +0 short sword. Duvessa barely misses you.
You hit Duvessa but do no damage.
Duvessa is almost dead.
Duvessa hits you with a +0 short sword! Duvessa hits you with a +0 short sword.
You barely miss Duvessa.
Duvessa is almost dead.
Duvessa hits you but does no damage. Duvessa misses you.
You closely miss Duvessa.
Duvessa is almost dead.
Duvessa hits you with a +0 short sword. Duvessa hits you with a +0 short sword!
You closely miss Duvessa.
Duvessa is almost dead.
Duvessa hits you but does no damage. Duvessa barely misses you.
You barely miss Duvessa.
Duvessa is almost dead.
Duvessa hits you but does no damage.
You closely miss Duvessa.
Duvessa is almost dead.
Duvessa hits you but does no damage. Duvessa hits you with a +0 short sword.
* * * LOW HITPOINT WARNING * * *
You barely miss Duvessa.
Duvessa is almost dead.
Duvessa hits you but does no damage. Duvessa misses you.
You closely miss Duvessa.
Duvessa is almost dead.
Duvessa hits you with a +0 short sword.
* * * LOW HITPOINT WARNING * * *
Duvessa misses you.
You barely miss Duvessa.
Duvessa is almost dead.
Duvessa hits you with a +0 short sword.
* * * LOW HITPOINT WARNING * * *
Duvessa barely misses you.
You barely miss Duvessa.
Duvessa is almost dead.
Duvessa barely misses you. Duvessa hits you with a +0 short sword!
* * * LOW HITPOINT WARNING * * *
You feel very mighty all of a sudden. Duvessa hits you with a +0 short sword!
You die...

##...##.# #.#
#######.# #.# # #.#
#.# ## #.# #.#
.######.# #.#
.....†..# #.#
#######.###.####
#..##....#####
#...#.##..@..#
#.#.######e''######
#.###...'.....'...#
#.# #._.'.###.'._.#
#.# #...'.....'...#
#######.#
######'''######
...#....#
#.##.....#
##.#.####
#..e.##### 8#.#.#
#..###


You could see Duvessa (berserk).

Vanquished Creatures
  A black bear (D:3)
  An ogre (D:5)
  4 phantoms
  4 scorpions
  Dowan (D:5)
  A jelly (D:4)
  An iguana (D:3)
  3 orc wizards (D:4)
  5 gnolls
  A river rat (Sewer)
  13 adders
  A dart slug (D:2)
  A worm (D:3)
  4 orcs
  10 ball pythons
  2 bats
  7 endoplasms
  3 giant cockroaches
  5 goblins
  6 hobgoblins
  5 jackals
  9 kobolds
  2 quokkas (D:1)
  13 frilled lizards
  6 rats
109 creatures vanquished.

Vanquished Creatures (others)
  10 plants (Sewer)
  3 withered plants (D:1)
13 creatures vanquished.

Grand Total: 122 creatures vanquished

Notes
Turn   | Place    | Note
-------+----------+-------------------------------------------
     0 | D:1      | Thatpatchoflichen the Ogre Gladiator began the quest for
                  | the Orb.
     0 | D:1      | Reached XP level 1. HP: 22/22 MP: 1/1
    85 | D:1      | Found Davuts's Antique Weapon Shop.
   116 | D:1      | Reached XP level 2. HP: 31/31 MP: 2/2
   304 | D:1      | Found a faded altar of an unknown god.
   324 | D:1      | Reached skill level 3 in Maces & Flails
   602 | D:1      | Bought a giant club for 32 gold pieces
   845 | D:1      | Reached XP level 3. HP: 33/37 MP: 3/3
  1388 | D:2      | Reached XP level 4. HP: 32/48 MP: 4/4
  1748 | D:2      | Identified the +5 short sword "Trog's Fury" {drain, rPois
                  | rF- rC+ rN+}
  1876 | D:3      | Noticed a black bear
  2189 | D:2      | Reached skill level 4 in Maces & Flails
  2189 | D:2      | Reached XP level 5. HP: 15/54 MP: 5/5
  2763 | D:3      | Killed a black bear
  2764 | D:3      | Reached XP level 6. HP: 54/62 MP: 6/6
  3110 | D:4      | Reached skill level 5 in Maces & Flails
  3431 | D:4      | Found a glowing drain.
  3453 | Sewer    | Entered a sewer
  3755 | Sewer    | Reached XP level 7. HP: 70/70 MP: 7/7
  3824 | Sewer    | Reached skill level 6 in Maces & Flails
  5893 | D:4      | Found a glowing silver altar of Zin.
  6005 | D:4      | Got the Book of Vlad
  6227 | D:5      | Entered Level 5 of the Dungeon
  6303 | D:5      | Found a broken altar of Ashenzari.
  6339 | D:5      | Found a transporter.
  6365 | D:5      | Reached skill level 7 in Maces & Flails
  6473 | D:5      | Found Gilephit's Armour Emporium.
  6485 | D:5      | Reached XP level 8. HP: 74/79 MP: 8/8
  6489 | D:5      | Bought a +2 robe of positive energy for 191 gold pieces
  6537 | D:5      | Found a transporter.
  6537 | D:5      | Noticed Dowan
  6563 | D:5      | Killed Dowan
  6564 | D:5      | Reached skill level 5 in Fighting
  6711 | D:5      | Found a shimmering blue altar of Sif Muna.
  6714 | D:5      | Noticed Duvessa
  6737 | D:5      | Slain by Duvessa

Illustrated notes

Levels and vault maps discovered:
D:1:      eino_arrival_water_cross, layout_basic,
          ebering_ecumenical_altar_petrified, serial_shops, shop_statue,
          due_unseen_surprise
D:2:      layout_loops_ring
D:3:      layout_loops_cross
D:4:      minmay_evil_eye, layout_loops_corners, zin_statuary,
          gup_sewer_entry_glass
D:5:      gammafunk_steamed_eel, layout_basic, mainiacjoe_overflow_big_doors,
          minmay_temple_entry_glass, serial_shops, shop, uniq_duvessa

Skill      XL: |  1  2  3  4  5  6  7  8 |
---------------+-------------------------+-----
Fighting       | 3 4 5 |  5.5
Maces & Flails | 3 4 5 7 |  7.6
Dodging        | 3 4 |  4.8
Throwing       | |  2.0

Action                   |  1- 3 |  4- 6 |  7- 9 || total
-------------------------+-------+-------+-------++-------
Melee: Flail             |    43 |       |       ||    43
       Giant club        |    53 |   168 |   258 ||   479
  Use: Scroll            |       |       |     6 ||     6
       Potion            |       |       |     1 ||     1
 Stab: Sleeping          |       |     2 |     1 ||     3
Armor: Robe              |    40 |    92 |   151 ||   283
Dodge: Dodged            |    72 |   123 |   177 ||   372
